 Dungeon Crawl Stone Soup version 0.21-a0-496-g696f58f (webtiles) character file.

1796 vineage the Cleaver (level 8, -2/68 HPs)
             Began as a Deep Dwarf Fighter on Nov 23, 2017.
             Slain by an ogre
             ... wielding a +0 giant club
              (23 damage)
             ... on level 6 of the Dungeon.
             The game lasted 00:12:01 (5090 turns).

vineage the Cleaver (Deep Dwarf Fighter)            Turns: 5090, Time: 00:12:03

Health: -2/68      AC:  7    Str: 23    XL:     8   Next: 83%
Magic:  6/6        EV:  7    Int:  8    God:
Gold:   255        SH: 11    Dex: 10    Spells: 7/7 levels left

rFire    + . .     SeeInvis .   a - +0 war axe
rCold    . . .     Gourm    .   c - +2 shield
rNeg     + . .     Faith    .   b - +0 scale mail
rPois    +         Spirit   .   y - +1 hat
rElec    .         Reflect  .   (no cloak)
rCorr    .         Harm     .   (no gloves)
MR       +....                  (no boots)
Stlth    ..........             o - amulet of regeneration
HPRegen  0.00/turn              n - ring of positive energy
MPRegen  0.10/turn              w - ring of poison resistance

@: non-regenerating
A: damage resistance, heal wounds, blurry vision 1, clumsy 1, fire resistance 1,
low mp 1, mutation resistance 1, sense surroundings 1, subdued magic 1, no
regeneration
a: Heal Wounds


You were on level 6 of the Dungeon.
You were not hungry.

You visited 1 branch of the dungeon, and saw 6 of its levels.
You also visited: Sewer.

You collected 255 gold pieces.

Inventory:

Hand Weapons
 a - a +0 war axe (weapon)
Armour
 b - a +0 scale mail (worn)
 c - a +2 shield (worn)
 y - a +1 hat (worn)
Jewellery
 n - a ring of positive energy (left hand)
 o - an amulet of regeneration (around neck)
 s - an uncursed ring of fire
 w - a ring of poison resistance (right hand)
Wands
 h - a wand of flame (18)
 r - a wand of enslavement (15)
 A - a wand of disintegration (21)
Scrolls
 e - 2 scrolls of identify
 j - 2 scrolls of amnesia
 m - 2 scrolls of teleportation
 p - a scroll of remove curse
 q - 3 scrolls of fear
Potions
 d - 3 potions of brilliance
 i - a potion of lignification
 u - a potion of flight
 v - a potion of might
 x - a potion of resistance
 z - a potion of haste
Books
 k - a book of Misfortune

   Spells                             Type                      Level
   a - Confusing Touch                Hexes                        1
   b - Confuse                        Hexes                        3
   c - Gell's Gravitas                Translocation                3
   d - Petrify                        Transmutation/Earth          4
   e - Metabolic Englaciation         Hexes/Ice                    5
   f - Yara's Violent Unravelling     Hexes/Transmutation          5
 t - a book of Flames

   Spells                             Type                      Level
   a - Flame Tongue                   Conjuration/Fire             1
   b - Throw Flame                    Conjuration/Fire             2
   c - Conjure Flame                  Conjuration/Fire             3
   d - Inner Flame                    Hexes/Fire                   3
   e - Sticky Flame                   Conjuration/Fire             4
   f - Fireball                       Conjuration/Fire             5
Comestibles
 f - 3 bread rations
 g - 3 meat rations
 l - 3 royal jellies


   Skills:
 - Level 2.6 Fighting
 + Level 12.3 Axes
 - Level 3.2 Armour
 - Level 3.2 Shields


You had 7 spell levels left.
You didn't know any spells.

Dungeon Overview and Level Annotations

Branches:
Dungeon (6/15)
 Temple: D:4-7

Altars:
Hepliaklqana
Yredelemnul


Innate Abilities, Weirdness & Mutations

You are resistant to damage.
You can heal yourself by infusing magical energy.
You passively map a small area around you.
You do not regenerate.
Scrolls take you a little longer to read.
You are clumsy. (Dex -2)
Your flesh is heat resistant. (rF+)
Your magical capacity is low. (-10% MP)
You are somewhat resistant to further mutation.
Your spells are a little easier to cast, but a little less powerful.


Message History

The ogre shouts!
Found 9 gold pieces and a dagger.
You slice the ogre!!
The ogre is severely wounded.
You block the ogre's attack.
Your shield prevents you from hitting the ogre.
The ogre is severely wounded.
You hit the ogre.
The ogre is almost dead.
The ogre hits you with a giant club!!
You are too injured to fight recklessly!
You are too injured to fight recklessly!
You are too injured to fight recklessly!
You are too injured to fight recklessly!
You are too injured to fight recklessly!
You are too injured to fight recklessly!
You are too injured to fight recklessly!
An ogre is nearby!
The ogre hits you with a giant club!!
You die...

...≈≈≈..##... < . # ,
...≈%≈..##.##.##, * ,
#..≈≈≈........# ,
#........#.#### * *
#..##.##.#.# , ,
#..*#.,....## #. *## #.#..#
, * .$#####.##.####
#..>...@....(.#########
,,,,.######O##.##.#.......##
, , *#)##....#.#....... * *
, #.####.......##.## **
#.#####.#.#####.# , , *
#.......#.#####.# *
*#########.......# ,
######### ,* ,


You could see an ogre.

Vanquished Creatures
  Sigmund (D:3)
  The ghost of Ijustatesigmund the Skirmisher, an amateur OpAr (D:3)
  A phantom (D:5)
  2 sky beasts
  An ogre (D:5)
  4 big kobolds (Sewer)
  A scorpion (D:4)
  A crimson imp (D:6)
  A jelly (D:5)
  A centaur skeleton (D:5)
  2 orc priests (D:5)
  2 iguanas
  An orc wizard (D:5)
  Terence (D:3)
  Ijyb (D:4)
  Natasha (thrice) (D:3)
  2 worker ants
  9 gnolls
  A river rat (Sewer)
  10 adders
  A shadow imp (D:5)
  4 oozes (Sewer)
  2 adder skeletons
  14 worms
  A dart slug (D:2)
  A leopard gecko (D:2)
  20 orcs
  2 ball pythons
  3 giant cockroaches
  21 goblins
  17 hobgoblins
  18 jackals
  3 quokkas
  11 bats
  5 frilled lizards
  A jackal skeleton (D:5)
  16 kobolds
  14 rats
200 creatures vanquished.

Notes
Turn   | Place    | Note
-------+----------+-------------------------------------------
     0 | D:1      | vineage the Deep Dwarf Fighter began the quest for the Orb.
     0 | D:1      | Reached XP level 1. HP: 20/20 MP: 1/1
   188 | D:1      | Reached skill level 3 in Axes
   188 | D:1      | Reached XP level 2. HP: 25/27 MP: 2/2
   809 | D:2      | Noticed a sky beast
   832 | D:2      | Killed a sky beast
   832 | D:2      | Reached skill level 5 in Axes
   832 | D:2      | Reached XP level 3. HP: 6/33 MP: 3/3
   832 | D:2      | Reached XP level 4. HP: 8/40 MP: 4/4
   836 | D:2      | Gained mutation: Your magical capacity is low. (-10% MP) [mutagenic meat]
   837 | D:2      | Gained mutation: Your flesh is heat resistant. (rF+) [mutagenic meat]
   838 | D:2      | Gained mutation: You are somewhat resistant to further mutation. [mutagenic meat]
   840 | D:2      | Gained mutation: Your spells are a little easier to cast, but a little less powerful. [mutagenic meat]
  1071 | D:2      | Reached XP level 5. HP: 31/46 MP: 4/4
  1361 | D:3      | Noticed Terence
  1366 | D:3      | Killed Terence
  1366 | D:3      | Reached skill level 6 in Axes
  1398 | D:3      | Noticed Ijustatesigmund's ghost (amateur OpAr)
  1416 | D:3      | Killed Ijustatesigmund's ghost
  1416 | D:3      | Reached skill level 7 in Axes
  1416 | D:3      | Reached XP level 6. HP: 18/55 MP: 5/5
  1588 | D:3      | Noticed Natasha
  1595 | D:3      | Killed Natasha
  1804 | D:3      | Noticed Sigmund
  1844 | D:3      | Killed Sigmund
  1844 | D:3      | Reached skill level 8 in Axes
  1844 | D:3      | Reached XP level 7. HP: 38/61 MP: 6/6
  1850 | D:3      | Found a basalt altar of Yredelemnul.
  1965 | D:3      | Noticed Natasha
  1981 | D:3      | Killed Natasha
  2058 | D:3      | Noticed Natasha
  2064 | D:3      | Killed Natasha
  2256 | D:4      | Reached skill level 9 in Axes
  2657 | D:4      | Found a hazy altar of Hepliaklqana.
  2801 | D:4      | Noticed Ijyb
  2809 | D:4      | Killed Ijyb
  3076 | D:5      | Entered Level 5 of the Dungeon
  3104 | D:5      | Reached skill level 10 in Axes
  3109 | D:5      | Gained mutation: You are clumsy. (Dex -2) [mutagenic meat]
  3110 | D:5      | Gained mutation: Scrolls take you a little longer to read. [mutagenic meat]
  3171 | D:5      | Reached XP level 8. HP: 34/68 MP: 7/7
  3508 | D:5      | Reached skill level 11 in Axes
  3571 | D:5      | Found a glowing drain.
  3610 | Sewer    | Entered a sewer
  4408 | D:5      | Reached skill level 12 in Axes
  5090 | D:6      | Slain by an ogre

Vault maps used:
D:1:      dpeg_arrival_concentric_ovals
D:3:      marbit_many_paths, first_bread, minivault_4, uniq_sigmund,
          uniq_terence, uniq_natasha
D:4:      kennysheep_goblin_castle, lemuel_crystal_altar
D:5:      corexii_shantytown, cheibrodos_sewer_entry_bend, grunt_ministairs_2
D:6:      bloody_trog, corexii_item_surrounded_by_moat, minmay_hedge_maze,
          minmay_misc_feat_more_columns, hangedman_decor_diamond_cutter,
          uniq_pikel
Sewer:    sewer_co_tree

Skill      XL: |  1  2  3  4  5  6  7  8 |
---------------+-------------------------+-----
Axes           | 3 5 7 8 10 12 | 12.3
Fighting       | |  2.6
Armour         | |  3.2
Shields        | |  3.2

Action                   |  1- 3 |  4- 6 |  7- 9 || total
-------------------------+-------+-------+-------++-------
Melee: War axe           |    84 |   146 |   572 ||   802
 Abil: Heal Wounds       |       |     2 |     9 ||    11
  Use: Potion            |     4 |     4 |     4 ||    12
       Scroll            |       |     5 |     7 ||    12
  Eat: Chunk             |       |     8 |    17 ||    25
       Royal jelly       |       |       |     1 ||     1
Armor: Scale mail        |    45 |    39 |   149 ||   233
       Skin              |       |       |    17 ||    17
Dodge: Dodged            |    23 |    41 |   110 ||   174
Block: Shield            |    39 |    72 |   278 ||   389

Table legend:
 A = Spawn XP
 B = Non-spawn XP
 C = Spawn XP percentage of total XP
 D = Spawn monster count
 E = Non-spawn monster count
 F = Spawn count percentage of total count
 G = Total turns spent on level
                    A         B        C        D         E        F      G
               +---------+---------+-------+---------+---------+-------+---------
         Total |       0 |    2566 |   0.0 |       0 |     200 |   0.0 |  5090
               +---------+---------+-------+---------+---------+-------+---------
           D:1 |       0 |      31 |   0.0 |       0 |      19 |   0.0 |   778
           D:2 |       0 |     187 |   0.0 |       0 |      23 |   0.0 |   582
           D:3 |       0 |     657 |   0.0 |       0 |      36 |   0.0 |   846
           D:4 |       0 |     276 |   0.0 |       0 |      31 |   0.0 |   870
           D:5 |       0 |     789 |   0.0 |       0 |      60 |   0.0 |  1234
           D:6 |       0 |     117 |   0.0 |       0 |       3 |   0.0 |   125
         Sewer |       0 |     509 |   0.0 |       0 |      28 |   0.0 |   655
               +---------+---------+-------+---------+---------+-------+---------
